AoeStats
← Jacks story

Black Forest

508598727Analyzed
3v3 RM · 10d ago on Sep 23, 2026· 43m 35s· 6 players
Game mode
Random Map
Map size
Normal (6 player)
Population
200
Speed
Normal
Resources
Standard
Victory
Conquest
Starting age
Dark Age
Ending age
Imperial Age
RankedLock teamsTeams togetherTeam positionsShared explorationLock speedFull tech treeHidden civsTurbo modeCheats
Victory
Defeat
🇦🇺 Goths · Australia
1098
+16
🇺🇸 Varangians · United States
1094
+16
🇲🇽 Mongols · Mexico
1034
+18
🇲🇽 Persians · Mexico
1146
-19
🇲🇽 Burgundians · Mexico
1073
-16
🇲🇽 Berbers · Mexico
1041
-15
OGTxANGELESS
10:47 Loom
12:49 Feudal Age
19:16 Castle Age
18:01 Horse Collar
18:21 Double-Bit Axe
19:48 Wheelbarrow
23:53 Hand Cart
31:47 Imperial Age
29:40 Forging
29:36 Scale Barding Armor
29:59 Burgundian Vineyards
30:08 Gold Mining
30:22 Heavy Plow
30:34 Husbandry
31:30 Bow Saw
31:53 Crop Rotation
32:08 Gold Shaft Mining
32:20 Chain Barding Armor
33:00 Conscription
33:33 Iron Casting
34:44 Chemistry
34:38 Plate Barding Armor
39:14 Blast Furnace
MANlGOLDO
0:47 Loom
14:14 Feudal Age
22:20 Castle Age
20:45 Stone Mining
27:40 Double-Bit Axe
32:34 Horse Collar
37:53 Imperial Age
36:18 Wheelbarrow
35:31 Man-at-Arms
36:40 Long Swordsman
37:22 Squires
37:34 Forging
39:38 Scale Mail Armor
41:05 Iron Casting
Fierro6438
0:26 Loom
11:00 Feudal Age
16:09 Castle Age
14:02 Double-Bit Axe
15:32 Horse Collar
26:10 Heavy Plow
26:23 Bow Saw
26:08 Stone Mining
27:37 Gold Mining
28:46 Wheelbarrow
28:54 Gold Shaft Mining
31:46 Imperial Age
33:12 Husbandry
33:23 Bloodlines
33:53 Scale Barding Armor
33:59 Forging
33:57 Cavalier
35:50 Chain Barding Armor
36:06 Iron Casting
40:00 Elite Skirmisher
Jacks story
13:37 Feudal Age
17:51 Castle Age
17:00 Double-Bit Axe
18:39 Horse Collar
19:13 Bow Saw
19:50 Heavy Plow
20:28 Wheelbarrow
23:04 Gold Mining
23:13 Stone Mining
24:36 Hand Cart
27:26 Stone Shaft Mining
27:08 Loom
29:52 Coinage
32:30 Imperial Age
33:14 Fortified Wall
32:46 Treadmill Crane
33:28 Ballistics
33:31 Elite Varangian Guard
34:12 Squires
34:00 Gambesons
34:34 Forging
34:25 Scale Mail Armor
36:08 Iron Casting
36:56 Chain Mail Armor
37:25 Fletching
38:35 Blast Furnace
39:39 Bodkin Arrow
39:41 Vendel Legacy
41:24 Plate Mail Armor
40:55 Bracer
41:12 Bloodlines
40:25 Cavalier
diego.servf
9:41 Loom
11:28 Feudal Age
15:42 Castle Age
14:58 Double-Bit Axe
15:06 Gold Mining
23:29 Horse Collar
24:55 Loom
29:45 Imperial Age
28:37 Wheelbarrow
28:29 Stone Mining
29:01 Bow Saw
29:39 Gold Shaft Mining
29:42 Fletching
32:28 Hand Cart
33:19 Chemistry
32:40 Ballistics
32:21 Elite Mangudai
33:13 Bodkin Arrow
34:55 Bracer
34:56 Padded Archer Armor
38:01 Scale Barding Armor
38:12 Leather Archer Armor
40:04 Forging
40:15 Chain Barding Armor
41:21 Husbandry
41:33 Bloodlines
40:46 Light Cavalry
Zad
0:39 Loom
14:50 Feudal Age
16:12 Wheelbarrow
15:22 Town Watch
15:21 Horse Collar
20:02 Castle Age
19:01 Stone Mining
19:05 Gold Mining
21:15 Heavy Plow
21:04 Double-Bit Axe
33:48 Imperial Age
31:41 Hand Cart
31:51 Town Patrol
32:06 Forging
31:57 Scale Mail Armor
32:55 Stone Shaft Mining
33:50 Anarchy
34:46 Iron Casting
34:27 Chain Mail Armor
34:35 Perfusion
34:56 Conscription
34:01 Pikeman
34:42 Squires
34:08 Man-at-Arms
34:24 Sappers
34:45 Halberdier
35:45 Bow Saw
36:02 Murder Holes
37:33 Blast Furnace
38:56 Elite Huskarl
39:14 Long Swordsman
39:57 Two-Handed Swordsman
41:09 Champion
42:25 Crop Rotation
Connection lost

Rejoining the realm…

Still unreachable

The connection could not be restored.

Session expired

The server has moved on; the page needs a fresh start.